 Dungeon Crawl Stone Soup version 0.32-a0-732-ga344392067 (webtiles) character file.

Game seed: 10193118266568362688

8047 jasper the Fighter (level 11, -1/90 HPs)
             Began as a Demonspawn Shapeshifter on Mar 16, 2024.
             Was an Initiate of Ignis.
             Killed by divine providence
             ... invoked by an orc priest
              (15 damage)
             ... on level 9 of the Dungeon.
             The game lasted 00:14:54 (9625 turns).

jasper the Fighter (Demonspawn Shapeshifter)        Turns: 9625, Time: 00:14:55

Health: -1/90      AC: 23    Str: 16    XL:     11   Next: 4%
Magic:  11/11      EV: 25    Int: 11    God:    Ignis [......]
Gold:   888        SH: 12    Dex: 21    Spells: 4/10 levels left

rFire   + .          .
                       - Unarmed
rCold   . . .        T - +2 kite shield
rNeg    . . .        O - +0 acid dragon scales
rPois   .            (no helmet)
rElec   .            (no cloak)
rCorr   +            q - +1 pair of gloves
SInv    .            F - +2 pair of boots
Will    .....        (no amulet)
Stlth   +            i - +6 ring of dexterity
HPRegen 0.35/turn    r - +5 ring of evasion
MPRegen 0.24/turn

%: no passive effects
@: agile, fiery-armoured
A: yellow scales 2, powered by pain 1, magic regeneration, weakness stinger 1
a: Renounce Religion, Rising Flame


You were on level 9 of the Dungeon.
You worshipped Ignis.
Ignis was noncommittal.
You visited 2 branches of the dungeon, and saw 10 of its levels.

You collected 1324 gold pieces.
You spent 436 gold pieces at shops.

Inventory:

Hand Weapons
 f - a +5 dagger of draining
 s - a +4 scythe of flaming
 B - a +0 dagger of distortion
 E - the +1 whip of Disharmony {drain, Dex+3 Stlth+}
   (You found it on level 6 of the Dungeon)

   Dex+3:     It affects your dexterity (+3).
   Stlth+:    It makes you more stealthy.
 G - a +3 heavy dire flail
 K - a +0 broad axe
 L - a +1 scimitar of flaming
 N - a +3 trident
Missiles
 v - 59 stones (quivered)
 w - 9 boomerangs
 x - 11 poisoned darts
Armour
 a - a +0 animal skin
 q - a +1 pair of gloves (worn)
 y - a +0 leather armour
 F - a +2 pair of boots (worn)
 I - a +0 scale mail
 O - +0 acid dragon scales (worn)
 T - a +2 kite shield (worn)
 U - a scarf of repulsion
Jewellery
 i - a +6 ring of dexterity (left hand)
 j - a ring of ice
 r - a +5 ring of evasion (right hand)
 t - a +6 ring of intelligence
 Y - a ring of see invisible
Talismans
 c - a beast talisman
 d - a flux talisman
 Q - a maw talisman
Wands
 H - a wand of mindburst (7)
 R - a wand of warping (7)
Scrolls
 b - a scroll of enchant armour
 e - a scroll of revelation
 k - 2 scrolls of silence
 l - 3 scrolls of poison
 o - 3 scrolls of amnesia
 z - 2 scrolls of enchant weapon
 C - a scroll of teleportation
 M - a scroll of brand weapon
 P - a scroll of blinking
Potions
 g - 3 potions of haste
 h - 3 potions of brilliance
 m - 3 potions of curing
 n - a potion of heal wounds
 p - a potion of berserk rage
 u - 2 potions of resistance
 A - a potion of might
 D - a potion of degeneration {unknown}
 J - 3 potions of enlightenment {unknown}
 S - a potion of attraction {unknown}
 V - 2 potions of ambrosia {unknown}
 W - 3 potions of cancellation {unknown}
 X - a potion of magic {unknown}


   Skills:
 - Level 10.1 Fighting
 - Level 6.0 Armour
 - Level 9.1 Dodging
 + Level 3.2 Shields
 * Level 5.5 Unarmed Combat
 - Level 4.0 Shapeshifting


You had 4 spell levels left.
You knew the following spells:

 Your Spells              Type           Power      Damage    Failure   Level
a - Manifold Assault      Tloc           0%         N/A       100%        4
b - Blink                 Tloc           0%         N/A       91%         2

Your spell library contained the following spells:

 Spells                   Type           Power      Damage    Failure   Level
 Summon Small Mammal      Summ           0%         N/A       80%         1
 Call Imp                 Summ           0%         N/A       91%         2
 Jinxbite                 Hex            0%         N/A       91%         2
 Lesser Beckoning         Tloc           0%         N/A       91%         2
 Momentum Strike          Conj/Tloc      0%         3d8       91%         2
 Sublimation of Blood     Necr           0%         N/A       91%         2
 Call Canine Familiar     Summ           0%         N/A       99%         3
 Sigil of Binding         Hex            0%         N/A       99%         3
 Animate Armour           Summ/Erth      0%         N/A       100%        4
 Dimensional Bullseye     Hex/Tloc       0%         N/A       100%        4
 Passage of Golubria      Tloc           0%         N/A       100%        4
 Summon Blazeheart Golem  Fire/Summ      0%         N/A       100%        4
 Summon Lightning Spire   Summ/Air       0%         N/A       100%        4
 Lee's Rapid Deconstruct  Erth           0%         3d4*      100%        5
 Silence                  Hex/Air        0%         N/A       100%        5
 Summon Mana Viper        Hex/Summ       0%         N/A       100%        5
 Yara's Violent Unravell  Hex/Alch       0%         3d3       100%        5
 Enfeeble                 Hex            0%         N/A       100%        7
 Summon Hydra             Summ           0%         N/A       100%        7
 Lehudib's Crystal Spear  Conj/Erth      0%         10d2      100%        8


Dungeon Overview and Level Annotations

Branches:
Dungeon (9/15)             Temple (1/1) D:6            Lair (0/5) D:9
    Orc: D:9-12

Altars:
Ashenzari
Dithmenos
Fedhas
Gozag
Hepliaklqana
Makhleb
Nemelex Xobeh
Ru
Sif Muna
Trog
Uskayaw
Vehumet
Xom
Yredelemnul
Ignis

Shops:
D:2 [   D:8 *

Annotations:
D:9 1 runed translucent door


Innate Abilities, Weirdness & Mutations

You are mostly covered in yellow scales. (AC +3)
You sometimes gain a little power by taking damage.
You regenerate magic rapidly.
You have a small tail.


Message History

The killer bee is heavily wounded.
The killer bee stings you but does no damage.
The killer bee is burned by your cloak of flames.
The killer bee is almost dead.
The killer bee barely misses you.
You hit the killer bee but do no damage.
The killer bee is almost dead.
You block the killer bee's attack.
The orc priest mumbles some strange prayers to Beogh against you.
Beogh smites you!
* * * LOW HITPOINT WARNING * * *
The killer bee misses you.
You take 10 damage, and have 15/90 hp.
You closely miss the killer bee. You tail-slap the killer bee.
The killer bee is almost dead.
The killer bee completely misses you.
The killer bee stings you but does no damage.
The killer bee is burned by your cloak of flames.
You kill the killer bee!
A magic dart appears from out of thin air!
The magic dart hits you.
* * * LOW HITPOINT WARNING * * *
You take 3 damage, and have 12/90 hp.
You punch the orc!
You kill the orc!
You hit the wight but do no damage. The wight misses you.
You hit the wight.
The wight is moderately damaged.
You block the wight's attack.
You closely miss the wight. You tail-slap the wight.
The wight is moderately damaged.
The wight completely misses you.
You closely miss the wight.
The wight is moderately damaged.
Reactivating autopickup.
An orc wizard appears from thin air!
You block the wight's attack.
The orc priest invokes the aid of Beogh against you.
Beogh smites you!
You die...
Ignis goes out, and joins you in death.

.... .....#...........
.... ......>.........
..... #.......#.......
....^ ...............
...... #..............
......# ##..............
......o###.......#.......
......oz.................
.....###@................
... #................. .
+#.................
...................
....................
......).............
................###......
...............## ##.....
...>...........# #.....


You could see a wight, an orc priest and an orc wizard.

Vanquished Creatures
  A centaur warrior (D:8)
  A two-headed ogre (D:8)
  A boulder beetle (D:8)
  A tengu warrior (D:8)
  A death yak (D:9)
  A hornet (D:6)
  Sigmund (D:4)
  2 wyverns
  7 yaks
  A steam dragon (D:7)
  Menkaure (D:4)
  Edmund (D:6)
  2 acid dragons (D:8)
  Duvessa (D:4)
  A black bear (D:4)
  A sky beast (D:6)
  2 orc warriors (D:7)
  A centaur (D:7)
  A phantom (D:7)
  4 bullfrogs
  7 wights
  Dowan (D:4)
  10 killer bees
  3 howler monkeys
  A bombardier beetle (D:3)
  3 hounds
  3 orc priests
  4 jellies
  13 iguanas
  4 orc wizards
  3 sleepcaps
  8 adders
  2 shadow imps (D:8)
  A white imp (D:6)
  8 dart slugs
  4 ribbon worms
  29 orcs
  3 endoplasms
  4 giant cockroaches
  6 goblins
  4 hobgoblins
  6 jackals (D:4)
  11 quokkas
  2 ball pythons
  6 bats
  4 frilled lizards
  4 kobolds
  9 rats
195 creatures vanquished.

Vanquished Creatures (others)
  An orc wizard (D:7)
  An orc (D:7)
2 creatures vanquished.

Grand Total: 197 creatures vanquished

Notes
Turn   | Place    | Note
-------+----------+-------------------------------------------
     0 | D:1      | jasper the Demonspawn Shapeshifter began the quest for the
                  | Orb.
     0 | D:1      | Reached XP level 1. HP: 15/15 MP: 1/1
   311 | D:1      | Gained mutation: You sometimes gain a little power by
                  | taking damage. [demonic ancestry]
   311 | D:1      | Reached XP level 2. HP: 15/21 MP: 2/2
  1074 | D:2      | Found Xaym's Antique Armour Emporium.
  1147 | D:2      | Found a blossoming altar of Fedhas.
  1310 | D:2      | Gained mutation: You have a small tail. [demonic ancestry]
  1310 | D:2      | Reached XP level 3. HP: 26/26 MP: 3/3
  1802 | D:3      | Reached skill level 2 in Fighting
  1802 | D:3      | Reached XP level 4. HP: 29/33 MP: 4/4
  2259 | D:3      | Found a radiant altar of Vehumet.
  2431 | D:3      | Found a faded altar of an unknown god.
  2436 | D:3      | Prayed at the altar of an unknown god.
  2436 | D:3      | Became a worshipper of Ignis, the Dying Flame
  2529 | D:3      | Got the Meditations on the Mob and the Vector
  2712 | D:3      | Reached skill level 3 in Fighting
  2734 | D:4      | Noticed Sigmund
  2763 | D:4      | Killed Sigmund
  2764 | D:4      | Reached skill level 5 in Fighting
  2764 | D:4      | Reached XP level 5. HP: 18/44 MP: 5/5
  2764 | D:4      | Reached XP level 6. HP: 21/51 MP: 6/6
  3300 | D:4      | Found a hazy altar of Hepliaklqana.
  3303 | D:4      | Found a sacrificial altar of Ru.
  3357 | D:4      | Noticed Menkaure
  3371 | D:4      | Killed Menkaure
  3372 | D:4      | Reached skill level 6 in Fighting
  3372 | D:4      | Gained mutation: You are partially covered in yellow
                  | scales. (AC +2) [demonic ancestry]
  3372 | D:4      | Reached XP level 7. HP: 42/59 MP: 7/7
  3600 | D:4      | Reached skill level 7 in Fighting
  3705 | D:4      | Noticed Duvessa
  3707 | D:4      | Noticed Dowan
  3724 | D:4      | Killed Duvessa
  3742 | D:4      | Killed Dowan
  3743 | D:4      | Reached skill level 8 in Fighting
  4367 | D:5      | Entered Level 5 of the Dungeon
  4544 | D:5      | Reached XP level 8. HP: 68/69 MP: 8/8
  4630 | D:5      | Reached skill level 9 in Fighting
  5024 | D:5      | Learned a level 4 spell: Manifold Assault
  5094 | D:5      | Found a broken altar of Ashenzari.
  5098 | D:5      | Saw a vision of the Shoals and the Spider Nest.
  5098 | D:5      | Noticed a wolf spider
  5098 | D:5      | Noticed a jumping spider
  5098 | D:5      | Noticed a jumping spider
  5098 | D:5      | Noticed a wolf spider
  5098 | D:5      | Noticed a culicivora
  5098 | D:5      | Noticed a moth of wrath
  5098 | D:5      | Noticed a merfolk impaler
  5098 | D:5      | Noticed a jorogumo
  5098 | D:5      | Noticed a skyshark
  5098 | D:5      | Noticed a demonic crawler
  5099 | D:5      | Noticed a steelbarb worm
  5099 | D:5      | Noticed a merfolk avatar
  5100 | D:5      | Noticed a culicivora
  5101 | D:5      | Noticed a pharaoh ant
  5102 | D:5      | Noticed a boulder beetle
  5372 | D:5      | Found a shimmering blue altar of Sif Muna.
  5556 | D:6      | Found a burning altar of Makhleb.
  5563 | D:6      | Identified the +1 whip of Disharmony {drain, Dex+3 Stlth+}
  5620 | D:6      | Learned a level 2 spell: Blink
  5634 | D:6      | Found a staircase to the Ecumenical Temple.
  5730 | D:6      | Found a shimmering altar of Xom.
  5788 | D:6      | Reached skill level 10 in Fighting
  5829 | D:6      | Noticed a hornet
  5837 | D:6      | Paralysed by a hornet for 1 turns
  5839 | D:6      | Killed a hornet
  5840 | D:6      | Reached skill level 1 in Armour
  5983 | D:6      | Found an opulent altar of Gozag.
  6020 | D:6      | Noticed Edmund
  6034 | D:6      | Killed Edmund
  6164 | D:6      | Found a blossoming altar of Fedhas.
  6401 | Temple   | Entered the Ecumenical Temple
  6488 | D:7      | Reached XP level 9. HP: 34/78 MP: 9/9
  6895 | D:7      | Reached skill level 5 in Dodging
  6933 | D:7      | Found a hide-covered altar of Uskayaw.
  7296 | D:8      | Noticed a tengu warrior
  7297 | D:8      | Noticed a two-headed ogre
  7323 | D:8      | Killed a tengu warrior
  7324 | D:8      | Reached skill level 5 in Armour
  7431 | D:8      | Noticed a centaur warrior
  7552 | D:8      | Killed a centaur warrior
  7553 | D:8      | Gained mutation: You regenerate magic rapidly. [demonic
                  | ancestry]
  7553 | D:8      | Reached XP level 10. HP: 33/85 MP: 10/10
  7912 | D:8      | Noticed a boulder beetle
  7936 | D:8      | Killed a boulder beetle
  8126 | D:8      | Killed a two-headed ogre
  8337 | D:8      | Identified a scroll of acquirement
  8494 | D:2      | Bought a runed kite shield for 195 gold pieces
  8494 | D:2      | Acquired 791 gold pieces
  8693 | D:8      | Found Keuck's Assorted Antiques.
  8704 | D:8      | Bought a scroll of identify for 50 gold pieces
  8704 | D:8      | Bought a murky white potion for 22 gold pieces
  8704 | D:8      | Bought an orange potion for 22 gold pieces
  8704 | D:8      | Bought a murky white potion for 22 gold pieces
  8704 | D:8      | Bought a scratched golden ring for 125 gold pieces
  9023 | D:8      | Reached skill level 1 in Shields
  9331 | D:9      | Noticed a death yak
  9357 | D:9      | Killed a death yak
  9358 | D:9      | Reached skill level 5 in Unarmed Combat
  9517 | D:9      | Gained mutation: You are mostly covered in yellow scales.
                  | (AC +3) [demonic ancestry]
  9517 | D:9      | Reached XP level 11. HP: 90/90 MP: 11/11
  9521 | D:9      | Found a runed translucent door.
  9564 | D:9      | Found a staircase to the Lair.
  9625 | D:9      | Killed from afar by an orc priest

Illustrated notes

Levels and vault maps discovered:
D:1:      giann_bridges, layout_loops_ring, minmay_gold_behind_fungi,
          chequers_serial_rivers_large_a
D:2:      kennysheep_six_static_rooms, layout_loops_ring, serial_shops, shop,
          basic_altar
D:3:      layout_loops_ring, mainiacjoe_overflow_tiny_flanked,
          chequers_ecumenical_altar_lobes
D:4:      minmay_chambers_of_twos, layout_basic,
          minmay_overflow_temple_star_quad, serial_curves, eino_curves_02,
          eino_curves_02, chequers_serial_rivers_micro_d, minmay_puff,
          uniq_sigmund, uniq_menkaure, uniq_duvessa
D:5:      layout_basic, nicolae_sif_muna_little_library,
          grunt_ashenzari_visionary [grunt_ashenzari_visionary_shoals,
          grunt_ashenzari_visionary_spider], gup_sewer_entry_spiral,
          serial_aquarium, aquarium_bridge_straight [aquarium_subvault_bridge,
          aquarium_subvault_wall, aquarium_subvault_bridge,
          aquarium_subvault_wall], aquarium_bridge_square
          [aquarium_subvault_bridge, aquarium_subvault_bridge,
          aquarium_subvault_wall, aquarium_subvault_balcony],
          aquarium_window_fake, aquarium_window_fake, aquarium_window_fake,
          aquarium_view_2a, aquarium_view_2d
D:6:      layout_basic, mainiacjoe_overflow_six_doors_small, bloody_makhleb,
          marbit_many_paths, mainiacjoe_overflow_chevrons,
          minmay_temple_entry_mini_moons, grunt_decor_one_mirror, uniq_edmund
D:7:      layout_basic, lemuel_crystal_altar
D:8:      layout_basic, serial_shops, shop, nicolae_doodle_vault
D:9:      layout_big_octagon, kennysheep_mini, nzn_wu_jian_council_hall,
          dpeg_lair_monsters, ebering_ghost_reflecting_pool, uniq_erica
Temple:   hellmonk_temple_micro_hex

Skill      XL: |  1  2  3  4  5  6  7  8  9 10 |
---------------+-------------------------------+-----
Shapeshifting  | 3 4 |  4.0
Fighting       | 2 5 6 8 10 | 10.1
Armour         | 3 6 |  6.0
Dodging        | 3 7 9 |  9.1
Unarmed Combat | 5 |  5.5
Shields        | 3 |  3.2

Action                     |  1- 3 |  4- 6 |  7- 9 | 10-12 || total
---------------------------+-------+-------+-------+-------++-------
  Melee: Dagger            |    72 |    92 |   276 |   163 ||   603
         Unarmed           |    10 |     5 |       |    59 ||    74
         Tailslap          |     4 |    13 |    40 |    47 ||   104
 Invoke: Fiery Armour      |       |     1 |     6 |     4 ||    11
Ability: Begin Untransform |       |       |       |     1 ||     1
  Evoke: Wand              |       |       |       |     1 ||     1
    Use: Scroll            |     6 |     4 |     9 |     3 ||    22
         Potion            |       |     1 |     1 |       ||     2
   Stab: Sleeping          |     4 |     2 |       |       ||     6
 Armour: Animal skin       |    33 |     8 |       |       ||    41
         Leather armour    |       |    41 |    79 |       ||   120
         Skin              |       |     6 |       |       ||     6
         Scale mail        |       |       |    69 |       ||    69
         Acid dragon scale |       |       |    16 |    65 ||    81
  Dodge: Dodged            |    52 |    74 |   251 |   162 ||   539
  Block: Kite shield       |       |       |       |    90 ||    90

Table legend: (Time is in decaauts)
 A = Elapsed time spent in this place.
 B = Non-inter-level travel time spent in this place.
 C = Inter-level travel time spent in this place.
 D = Time resting spent in this place.
 E = Time spent auto-exploring this place.
 F = Levels seen in this place.
 G = Mean time per level.
                   A        B        C        D        E       F      G
               +--------+--------+--------+--------+--------+-----+--------+
         Total |   9698 |   9197 |    501 |    373 |   7001 |  10 |  969.8 |
       Dungeon |   9696 |   9195 |    501 |    373 |   7001 |   9 | 1077.3 |
        Temple |      1 |      1 |      0 |      0 |      0 |   1 |    1.0 |
               +--------+--------+--------+--------+--------+-----+--------+

Top non-repeatable levels by time:
     D:4: 1686 daAuts
     D:8: 1624 daAuts
     D:5: 1290 daAuts
     D:7: 1038 daAuts
     D:1: 1030 daAuts
     D:3: 1008 daAuts
     D:6: 884 daAuts
     D:2: 784 daAuts
     D:9: 347 daAuts
  Temple: 1 daAuts
